AoeStats
← Coyunto90

Golden Pit

508023730Analyzed
1v1 RM · 12d ago on Sep 20, 2026· 49m 21s· 2 players
Game mode
Random Map
Map size
Tiny (2 player)
Population
200
Speed
Normal
Resources
Standard
Victory
Conquest
Starting age
Dark Age
Ending age
Imperial Age
RankedLock teamsTeams togetherTeam positionsShared explorationLock speedFull tech treeHidden civsTurbo modeCheats
Victory
Defeat
🇪🇸 Bohemians · Spain
1105
+17
🇷🇺 Slavs · Russia
1119
-17
Coyunto90
5:19 Loom
9:36 Feudal Age
10:15 Double-Bit Axe
20:12 Castle Age
19:02 Horse Collar
19:30 Fletching
20:51 Padded Archer Armor
20:57 Crossbowman
23:47 Bow Saw
25:19 Bodkin Arrow
25:55 Leather Archer Armor
26:13 Fervor
29:58 Pikeman
31:22 Sanctity
31:56 Heavy Plow
32:56 Scale Mail Armor
37:04 Imperial Age
35:09 Wheelbarrow
36:00 Chain Mail Armor
36:16 Forging
36:27 Masonry
37:27 Chemistry
37:10 Halberdier
38:25 Plate Mail Armor
38:26 Ring Archer Armor
37:31 Capped Ram
38:34 Conscription
42:22 Iron Casting
43:14 Hussite Reforms
43:19 Wagenburg Tactics
44:18 Blast Furnace
43:47 Houfnice
44:37 Siege Engineers
46:15 Squires
pigmey212
9:51 Feudal Age
8:07 Loom
10:16 Double-Bit Axe
16:30 Wheelbarrow
17:12 Horse Collar
22:10 Castle Age
20:17 Gold Mining
21:36 Town Watch
22:16 Fletching
23:56 Bodkin Arrow
26:36 Bloodlines
26:27 Husbandry
27:28 Hand Cart
27:30 Scale Barding Armor
28:03 Forging
35:05 Imperial Age
32:47 Heavy Plow
34:25 Chain Barding Armor
36:16 Iron Casting
35:42 Scale Mail Armor
35:33 Man-at-Arms
36:14 Squires
37:00 Conscription
38:00 Blast Furnace
36:37 Long Swordsman
39:01 Chain Mail Armor
44:05 Plate Mail Armor
47:32 Plate Barding Armor
48:39 Hand Cart
Connection lost

Rejoining the realm…

Still unreachable

The connection could not be restored.

Session expired

The server has moved on; the page needs a fresh start.